 Dungeon Crawl Stone Soup version 0.22-a0-407-gb098539 (webtiles) character file.

10 dstrtnsr the Chopper (level 2, -4/27 HPs)
             Began as a Hill Orc Berserker on May 10, 2018.
             Was a Follower of Trog.
             Slain by Robin
             ... wielding a +2 spear of piercing
              (6 damage)
             ... on level 2 of the Dungeon.
             The game lasted 00:00:15 (52 turns).

dstrtnsr the Chopper (Hill Orc Berserker)             Turns: 52, Time: 00:00:15

Health: -4/27      AC:  2    Str: 19    XL:     2   Next: 20%
Magic:  2/2        EV: 12    Int:  7    God:    Trog [*.....]
Gold:   0          SH:  0    Dex: 10    Spells: 1/1 levels left

rFire    . . .     SeeInvis .   a - +0 hand axe
rCold    . . .     Gourm    .   (no shield)
rNeg     . . .     Faith    .   b - +0 animal skin
rPois    .         Spirit   .   (no helmet)
rElec    .         Reflect  .   (no cloak)
rCorr    .         Harm     .   (no gloves)
MR       .....                  (no boots)
Stlth    +.........             (no amulet)
HPRegen  0.09/turn              (no ring)
MPRegen  0.08/turn              (no ring)

@: berserk cooldown
A: no striking features
a: Berserk, Renounce Religion


You were on level 2 of the Dungeon.
You worshipped Trog.
Trog was aware of your devotion.
You were not hungry.

You visited 1 branch of the dungeon, and saw 2 of its levels.

Inventory:

Hand Weapons
 a - a +0 hand axe (weapon)
Armour
 b - a +0 animal skin (worn)
Comestibles
 e - a ration {!d}


   Skills:
 + Level 3.9 Fighting
 * Level 4.6 Axes
 - Level 2.1 Armour
 - Level 1.5 Dodging


You had one spell level left.
You didn't know any spells.

Dungeon Overview and Level Annotations

Branches:
Dungeon (2/15)

Altars:

Annotations:
D:2 Robin


Message History

You are too injured to fight recklessly!
You are too injured to fight recklessly!
You are too injured to fight recklessly!
Unknown command.
The bat hits you but does no damage.
There isn't anything here!
There isn't anything here!
You are too injured to fight recklessly!
You are too injured to fight recklessly!
You are too injured to fight recklessly!
You are too injured to fight recklessly!
You are too injured to fight recklessly!
You barely miss the bat. The bat closely misses you. x2
You hit the rat.
You kill the rat!
Trog accepts your kill. The bat barely misses you.
The bat hits you but does no damage. x2
You closely miss the bat. The bat closely misses you.
The bat hits you but does no damage. The bat closely misses you.
The bat hits you. The bat barely misses you. The bat hits you.
* * * LOW HITPOINT WARNING * * *
The bat misses you.
Things that are here:
a rat corpse; a goblin corpse The bat hits you but does no damage.
The bat closely misses you. The bat misses you. x2
You see here a club.
The bat barely misses you. The bat hits you but does no damage.
The bat barely misses you. The bat misses you.
The bat hits you but does no damage. The bat misses you.
The bat closely misses you.
A ball python comes into view.
The bat hits you but does no damage. The bat closely misses you.
The ball python hisses angrily.
The bat closely misses you. The bat barely misses you. The bat hits you.
* * * LOW HITPOINT WARNING * * *
The bat hits you but does no damage. x2; The bat misses you.
The bat closely misses you. The bat hits you but does no damage.
The bat hits you.
* * * LOW HITPOINT WARNING * * *
The ball python bites you.
* * * LOW HITPOINT WARNING * * *
The ball python closely misses you. The bat hits you but does no damage.
You see here a club.
The bat hits you but does no damage.
Things that are here:
a rat corpse; a goblin corpse The bat hits you.
* * * LOW HITPOINT WARNING * * *
The bat hits you but does no damage. The bat closely misses you. x2
You see here a rat corpse.
The bat barely misses you. x2
You see here a stone.
You feel yourself speed up. The bat closely misses you. The bat hits you.
* * * LOW HITPOINT WARNING * * *
The bat hits you.
* * * LOW HITPOINT WARNING * * *
The bat hits you but does no damage. The bat barely misses you.
There is an escape hatch in the floor here.
The bat barely misses you. The bat hits you but does no damage.
You slide downwards.
The hatch slams shut behind you. 10 goblins, a hobgoblin, a kobold and Robin come into view.
Robin is wielding a spear of piercing.
Robin shouts!
The goblin shouts! x6; The hobgoblin shouts!
The goblin shouts! x2
The kobold shouts!
You hear a shout!
Found 10 gold pieces.
Unknown command.
You are too injured to fight recklessly!
You are too injured to fight recklessly!
You are too injured to fight recklessly!
You are too injured to fight recklessly!
You hit the goblin.
You kill the goblin!
Trog accepts your kill.
You hit Robin but do no damage. You closely miss the goblin. x2
The bat barely misses you. The goblin barely misses you. x2
Robin roars a battlecry!
The goblins go into a battle-frenzy!
Unknown command.
You hit the bat.
The bat is heavily wounded.
You hit Robin but do no damage. You hit the goblin.
You kill the goblin!
Trog accepts your kill.
You have reached level 2!
You barely miss the goblin. The bat barely misses you.
The goblin closely misses you.
You hit the goblin.
You kill the goblin!
Trog accepts your kill.
You hit Robin. You hit the bat but do no damage. You hit the goblin.
You kill the goblin!
Trog accepts your kill. The bat hits you but does no damage.
Robin hits you with a spear of piercing.
You die...

# #.
#..#######..
#...@bg.....
#.##ggg....K
#g...$...
#gg.g....
#....K..#
#.......#
#.......#
#........


You could see Robin, a hobgoblin, 6 goblins, a bat and 2 kobolds.

Vanquished Creatures
  5 goblins
  A hobgoblin (D:1)
  A kobold (D:1)
  2 rats (D:1)
9 creatures vanquished.

Notes
Turn   | Place    | Note
-------+----------+-------------------------------------------
     0 | D:1      | dstrtnsr the Hill Orc Berserker began the quest for the Orb.
     0 | D:1      | Reached XP level 1. HP: 19/19 MP: 1/1
    14 | D:1      | HP: 7/20 [hobgoblin/club (4)]
    22 | D:1      | HP: 7/20 [bat (1)]
    30 | D:1      | HP: 7/20 [bat (1)]
    37 | D:1      | HP: 5/20 [bat (1)]
    44 | D:1      | HP: 2/20 [bat (1)]
    49 | D:2      | Noticed Robin
    51 | D:2      | Reached XP level 2. HP: 2/27 MP: 2/2
    52 | D:2      | Slain by Robin

Vault maps used:
D:1:      onia_arrival_handbag, minmay_ruptured
D:2:      uniq_robin

Action                   || total
-------------------------++-------
Melee: Hand axe          ||    19
Invok: Berserk           ||     1
Armor: Animal skin       ||    20
Dodge: Dodged            ||    44

Table legend:
 A = Spawn XP
 B = Non-spawn XP
 C = Spawn XP percentage of total XP
 D = Spawn monster count
 E = Non-spawn monster count
 F = Spawn count percentage of total count
 G = Total turns spent on level
                    A         B        C        D         E        F      G
               +---------+---------+-------+---------+---------+-------+---------
         Total |       0 |      15 |   0.0 |       0 |       9 |   0.0 |    52
               +---------+---------+-------+---------+---------+-------+---------
           D:1 |       0 |       7 |   0.0 |       0 |       5 |   0.0 |    49
           D:2 |       0 |       8 |   0.0 |       0 |       4 |   0.0 |     3
               +---------+---------+-------+---------+---------+-------+---------
